 Dungeon Crawl Stone Soup version 0.21.1-1-g345015f (webtiles) character file.

43 vatarom the Insei (level 3, -4/23 HPs)
             Began as an Octopode Transmuter on Apr 27, 2018.
             Killed from afar by an orc wizard (10 damage)
             ... with a magic dart
             ... on level 2 of the Dungeon.
             The game lasted 00:03:37 (1121 turns).

vatarom the Insei (Octopode Transmuter)             Turns: 1121, Time: 00:03:38

Health: -4/23      AC:  1    Str: 10    XL:     3   Next: 58%
Magic:  2/6        EV: 13    Int: 15    God:
Gold:   20         SH:  0    Dex: 12    Spells: 3/6 levels left

rFire    . . .     SeeInvis .     - Unarmed
rCold    . . .     Gourm    .   (no shield)
rNeg     . . .     Faith    .   (helmet restricted)
rPois    .         Spirit   .   (no amulet)
rElec    .         Reflect  .   (no ring)
rCorr    .         Harm     .   (no ring)
MR       .....                  (no ring)
Stlth    ++........             (no ring)
HPRegen  0.07/turn              (no ring)
MPRegen  0.10/turn              (no ring)
                                (no ring)
                                (no ring)

@: no status effects
A: almost no armour, stealthy swim, amphibious, 8 rings, constrict 8, camouflage
1, gelatinous body 1
a: no special abilities


You were on level 2 of the Dungeon.
You were not hungry.

You visited 1 branch of the dungeon, and saw 2 of its levels.

You collected 20 gold pieces.

Inventory:

Missiles
 a - 6 arrows
Scrolls
 d - 2 scrolls of magic mapping {unknown}
 e - 3 scrolls of identify {unknown}
 f - a scroll of remove curse {unknown}
 j - a scroll of immolation {unknown}
Potions
 g - a potion of heal wounds {unknown}
 h - a potion of cancellation {unknown}
 i - a potion of resistance {unknown}
 k - a potion of degeneration {unknown}
Books
 b - a book of Changes

   Spells                             Type                      Level
   a - Beastly Appendage              Transmutation                1
   b - Sticks to Snakes               Transmutation                2
   c - Spider Form                    Transmutation/Poison         3
   d - Ice Form                       Ice/Transmutation            4
   e - Blade Hands                    Transmutation                5
Comestibles
 c - a ration
 l - a chunk of flesh


   Skills:
 - Level 1.0 Fighting
 + Level 2.5 Dodging
 * Level 3.8 Unarmed Combat
 - Level 2.0 Spellcasting
 + Level 2.5 Transmutations


You had 3 spell levels left.
You knew the following spells:

 Your Spells              Type           Power        Failure   Level  Hunger
a - Beastly Appendage     Tmut           #.....       8%          1    #......
b - Sticks to Snakes      Tmut           #.......     12%         2    ###....


Dungeon Overview and Level Annotations

Branches:
Dungeon (2/15)

Altars:


Innate Abilities, Weirdness & Mutations

You cannot wear most types of armour.
You are very stealthy in the water. (Stealth+)
You are amphibious.
You can wear up to eight rings at the same time.
You can use your tentacles to constrict eight enemies at once.
Your skin changes colour to match your surroundings (Stealth+).
Your rubbery body absorbs attacks. (AC +1, EV +1)


Message History

You swap places.
The orc wizard hits your ball python with a dagger. x2
Your ball python dies!
The orc wizard gestures wildly while chanting.
The orc wizard blinks!
The orc wizard hits you with a dagger.
Casting: Sticks to Snakes
Confirm with . or Enter, or press ? or * to list all spells.
You create a snake!
You now have 6 arrows.
The orc wizard closely misses you.
You closely miss the orc wizard. You grab the orc wizard.
You constrict the orc wizard, but do no damage.
The orc wizard hits you with a dagger.
* * * LOW HITPOINT WARNING * * *
Your ball python bites the orc wizard.
The orc wizard hits you but does no damage.
You tentacle-slap the orc wizard but do no damage.
The orc wizard is lightly wounded.
You constrict the orc wizard, but do no damage.
The orc wizard gestures at you while chanting.
The magic dart hits you!
You die...

### #.### #...## ### #o#..##
#.# #.##o.# ########.# #o###.#
#### # #....<##.# #@#
#o##...##.. #.....##.#
####o###.#..$$.... #.....##.#
#...S..#oo........ #.....##.#
#......##.....[...
#.....##.####......##...).$...
.......>............##........
#.....##.####.......##....##..
#.<....#.# #.......#......(#
###.##.#.# #..รท....#.......#


You could see an orc priest, an orc wizard, an orc and a friendly ball python.

Vanquished Creatures
  An adder (D:2)
  An ooze (D:2)
  A dart slug (D:1)
  2 leopard geckos
  4 bats
  2 giant cockroaches (D:1)
  2 goblins (D:1)
  5 hobgoblins (D:1)
  2 ball pythons
  A frilled lizard (D:1)
  2 kobolds
  4 rats
27 creatures vanquished.

Notes
Turn   | Place    | Note
-------+----------+-------------------------------------------
     0 | D:1      | vatarom the Octopode Transmuter began the quest for the Orb.
     0 | D:1      | Reached XP level 1. HP: 13/13 MP: 3/3
    28 | D:1      | Reached XP level 2. HP: 16/18 MP: 3/5
   159 | D:1      | Learned a level 2 spell: Sticks to Snakes
   414 | D:1      | Reached XP level 3. HP: 23/23 MP: 4/6
  1121 | D:2      | Killed from afar by an orc wizard

Action                   || total
-------------------------++-------
Melee: Unarmed           ||    65
       Constrict         ||    19
       Kick              ||    13
       Tentacles         ||    10
 Cast: Beastly Appendage ||    12
       Sticks to Snakes  ||     6
 Stab: Sleeping          ||     3
  Eat: Chunk             ||     1
Armor: Skin              ||     8
Dodge: Dodged            ||    47
